 Dungeon Crawl Stone Soup version 0.32-a0-961-gd60f5e5fc7 (webtiles) character file.

Game seed: 8480924669766564780

56 Gadrel the Charlatan (level 3, -5/21 HPs)
             Began as a Tengu Artificer on Apr 18, 2024.
             Was a Believer of Vehumet.
             Slain by an iguana (7 damage)
             ... on level 3 of the Dungeon.
             The game lasted 00:04:06 (2216 turns).

Gadrel the Charlatan (Tengu Artificer)              Turns: 2216, Time: 00:04:07

Health: -5/21      AC:  5    Str: 12    XL:     3   Next: 95%
Magic:  1/6        EV: 10    Int: 13    God:    Vehumet [**....]
Gold:   86         SH:  0    Dex: 14    Spells: 3/5 levels left

rFire   . . .        a - +1 club
rCold   . . .        (no shield)
rNeg    . . .        b - +0 leather armour
rPois   .            f - +2 hat
rElec   .            (no cloak)
rCorr   .            (no gloves)
SInv    .            (boots unavailable)
Will    +....        (no amulet)
Stlth   +            W - ring of willpower
HPRegen 0.23/turn    (no ring)
MPRegen 0.10/turn

%: acrobat
@: very slightly contaminated
A: beak, talons 3, acrobatic
a: Renounce Religion


You were on level 3 of the Dungeon.
You worshipped Vehumet.
Vehumet was pleased with you.
You visited 1 branch of the dungeon, and saw 3 of its levels.

You collected 86 gold pieces.

Inventory:

Hand Weapons
 a - a +1 club (weapon)
Missiles
 j - a throwing net {!d}
 m - 4 curare-tipped darts
 s - 29 stones
Armour
 b - a +0 leather armour (worn)
 f - a +2 hat (worn)
   (You found it on level 1 of the Dungeon)
Jewellery
 W - a ring of willpower (left hand)
   (You found it on level 3 of the Dungeon)
Talismans
 l - a granite talisman
   (You found it on level 1 of the Dungeon)
Wands
 d - a wand of iceblast (5)
 e - a wand of charming (15)
 q - a wand of flame (15)
Scrolls
 n - a scroll of fog
 p - 2 scrolls of poison {!r}
 V - a scroll of vulnerability {!r!r}
 Y - a scroll of teleportation {@r3}
Potions
 c - 3 potions of curing {unknown}
 g - 2 potions of enlightenment {unknown}
 h - a potion of magic {unknown}
 i - a potion of resistance {unknown}
 k - a potion of mutation {unknown}
 o - a potion of brilliance {unknown}


   Skills:
 - Level 2.0 Fighting
 - Level 2.1 Armour
 - Level 1.1 Dodging
 - Level 1.0 Stealth
 + Level 1.7 Spellcasting
 + Level 2.0 Conjurations
 + Level 1.0 Necromancy
 - Level 3.0 Evocations


You had 3 spell levels left.
You knew the following spells:

 Your Spells              Type           Power      Damage    Failure   Level
a - Kiss of Death         Conj/Necr      20%        2d7       19%         1
x - Magic Dart            Conj           24%        1d4       14%         1

Your spell library contained the following spells:

 Spells                   Type           Power      Damage    Failure   Level


Dungeon Overview and Level Annotations

Branches:
Dungeon (3/15)

Altars:
Vehumet


Innate Abilities, Weirdness & Mutations

You have a beak for a mouth.
You have claws for feet.
You can magically evade attacks while moving or waiting.


Message History

Aim: a goblin, wielding a +0 club (100% to hit)
The magic dart hits the goblin.
You kill the goblin!
Vehumet accepts your kill.
You feel your power returning.
Your Conjurations skill increases to level 2!
You can't see any susceptible monsters within range! (Use Z to cast anyway.)
A frilled lizard comes into view.
Press: ? - help, Shift-Dir - straight line, f - frilled lizard
Aim: a frilled lizard (wandering, hasn't noticed you, 100% to hit)
The magic dart hits the frilled lizard.
You kill the frilled lizard!
Vehumet accepts your kill.
You now have 3/6 mp.
Your magical contamination has completely faded away.
p - a scroll labelled ZODAIL DOFASY MP restored: 6 You open the door.
There is an open door here.
You open the door.
There is an open door here.
p - 2 scrolls labelled ZODAIL DOFASY (gained 1)
You open the door.
There is an open door here.
W - a ring of willpower
W - a ring of willpower (left hand)
c - 3 smoky cyan potions (gained 1)
You open the door.
There is an open door here.
There is an open door here.
You see here a +0 club.
There is a stone staircase leading up here.
A goblin comes into view. It is wielding a +0 dagger.
Press: ? - help, Shift-Dir - straight line, f - goblin
Aim: a goblin, wielding a +0 dagger (asleep, 100% to hit)
The magic dart hits the goblin.
You now have 5/6 mp.
Press: ? - help, Shift-Dir - straight line, f/p - goblin
Aim: a goblin, wielding a +0 dagger (severely wounded, 100% to hit)
The magic dart hits the goblin.
You kill the goblin!
Vehumet accepts your kill.
You now have 4/6 mp.
Things that are here:
a +0 dagger; a goblin corpse
r - a scroll of identify {@r1} MP restored: 6
As you read the scroll of identify {@r1}, it crumbles to dust.
p - 2 scrolls of poison
Things that are here:
a +0 dagger; a goblin corpse
There is a stone staircase leading up here.
You see here a frilled lizard skeleton.
There is an open door here.
An iguana comes into view.
Okay, then.
Press: ? - help, Shift-Dir - straight line, f - iguana
Aim: an iguana (asleep, 100% to hit)
The magic dart hits the iguana.
The iguana hisses angrily.
You now have 5/6 mp.
Press: ? - help, Shift-Dir - straight line, f/p - iguana
Aim: an iguana (lightly wounded, 100% to hit)
The magic dart hits the iguana but does no damage.
You now have 4/6 mp.
Press: ? - help, Shift-Dir - straight line, f/p - iguana
Aim: an iguana (lightly wounded, 100% to hit)
The magic dart hits the iguana but does no damage.
You now have 3/6 mp.
Press: ? - help, Shift-Dir - straight line, f/p - iguana
Aim: an iguana (lightly wounded, 100% to hit)
The magic dart hits the iguana but does no damage.
You now have 2/6 mp.
Press: ? - help, Shift-Dir - straight line, f/p - iguana
Aim: an iguana (lightly wounded, 100% to hit)
You miscast Magic Dart.
You are very lightly contaminated with residual magic.
Nothing appears to happen.
You now have 1/6 mp.
Press: ? - help, Shift-Dir - straight line, f/p - iguana
Aim: an iguana (lightly wounded, 100% to hit)
You miscast Magic Dart.
Nothing appears to happen.
You now have 0/6 mp.
You barely miss the iguana. You claw the iguana. Your peck misses the iguana.
The iguana barely misses you.
You hit the iguana. You claw the iguana, but do no damage. You peck the iguana.
The iguana bites you! The iguana barely misses you.
You take 8 damage, and have 13/21 hp.
MASSIVE DAMAGE!!
You barely miss the iguana. The iguana bites you.
You take 2 damage, and have 11/21 hp.
You barely miss the iguana. The iguana bites you.
* * * LOW HITPOINT WARNING * * *
You take 5 damage, and have 6/21 hp.
MASSIVE DAMAGE!!
You barely miss the iguana. Your peck misses the iguana. The iguana bites you.
* * * LOW HITPOINT WARNING * * *
The iguana bites you!
You die...

.# ##### .$# ....# ...
############# #.#
#..........# #.#
#..........# #.#
#..........# #.#
##..........# #l#
..####......####@#
รท.'..............#
..################
..'.#........# ####
..#.#.######.# #..
....#.#....#.# #^#
#...#.#.##.#.###########.#
#...#.#..................#
#...#.####.#.#############


You could see an iguana.

Vanquished Creatures
  An adder (D:2)
  2 dart slugs (D:2)
  4 ball pythons
  3 bats
  8 endoplasms
  5 goblins
  5 hobgoblins
  3 kobolds (D:2)
  A quokka (D:1)
  2 frilled lizards
  2 rats (D:1)
36 creatures vanquished.

Notes
Turn   | Place    | Note
-------+----------+-------------------------------------------
     0 | D:1      | Gadrel the Tengu Artificer began the quest for the Orb.
     0 | D:1      | Reached XP level 1. HP: 12/12 MP: 2/2
    49 | D:1      | Found a faded altar of an unknown god.
    60 | D:1      | Prayed at the altar of an unknown god.
    60 | D:1      | Became a worshipper of Vehumet
    60 | D:1      | Reached * piety under Vehumet
    60 | D:1      | Offered knowledge of Kiss of Death by Vehumet.
   110 | D:1      | Reached XP level 2. HP: 16/16 MP: 2/4
   118 | D:1      | Learned a level 1 spell: Kiss of Death
   222 | D:1      | Reached skill level 1 in Spellcasting
   621 | D:1      | Offered knowledge of Magic Dart by Vehumet.
   674 | D:1      | Learned a level 1 spell: Magic Dart
   689 | D:2      | Reached skill level 1 in Conjurations
   689 | D:2      | Reached XP level 3. HP: 21/21 MP: 5/5
   767 | D:2      | Reached ** piety under Vehumet
   768 | D:2      | Reached skill level 2 in Fighting
  1129 | D:2      | Reached skill level 1 in Necromancy
  1940 | D:3      | Reached skill level 2 in Conjurations
  2216 | D:3      | HP: 2/21 [iguana (4)]
  2216 | D:3      | Slain by an iguana

Illustrated notes

Levels and vault maps discovered:
D:1:      amcnicky_arrival_underground_garden, layout_loops_ring,
          ebering_ecumenical_altar_petrified
D:2:      layout_loops_corners, serial_forest, infiniplex_forest_clump_small,
          infiniplex_forest_straight_3, infiniplex_forest_clump_tiny,
          infiniplex_forest_clump_curved, infiniplex_forest_straight_3,
          infiniplex_forest_zigzag_2
D:3:      layout_basic

Skill      XL: |  1  2  3 |
---------------+----------+-----
Spellcasting   | 1 |  1.7
Conjurations   | 1 2 |  2.0
Fighting       | 2 |  2.0
Necromancy     | 1 |  1.0
Armour         | |  2.1
Dodging        | |  1.1
Stealth        | |  1.0
Evocations     | |  3.0

Action                     || total
---------------------------++-------
  Melee: Club              ||    60
         Kick              ||    19
         Peck              ||     8
   Cast: Magic Dart        ||    45
    Use: Scroll            ||     6
   Stab: Sleeping          ||     3
 Armour: Leather armour    ||    31
  Dodge: Dodged            ||    37

Table legend: (Time is in decaauts)
 A = Elapsed time spent in this place.
 B = Non-inter-level travel time spent in this place.
 C = Inter-level travel time spent in this place.
 D = Time resting spent in this place.
 E = Time spent auto-exploring this place.
 F = Levels seen in this place.
 G = Mean time per level.
                   A        B        C        D        E       F      G
               +--------+--------+--------+--------+--------+-----+--------+
         Total |   2232 |   2201 |     31 |      0 |   1927 |   3 |  744.0 |
       Dungeon |   2232 |   2201 |     31 |      0 |   1927 |   3 |  744.0 |
               +--------+--------+--------+--------+--------+-----+--------+

Top non-repeatable levels by time:
     D:2: 1254 daAuts
     D:1: 697 daAuts
     D:3: 281 daAuts

Levels and vault maps discovered:
D:1:      amcnicky_arrival_underground_garden, layout_loops_ring,
          ebering_ecumenical_altar_petrified
D:2:      layout_loops_corners, serial_forest, infiniplex_forest_clump_small,
          infiniplex_forest_straight_3, infiniplex_forest_clump_tiny,
          infiniplex_forest_clump_curved, infiniplex_forest_straight_3,
          infiniplex_forest_zigzag_2
D:3:      layout_basic

Table legend: (Time is in decaauts)
 A = Elapsed time spent in this place.
 B = Non-inter-level travel time spent in this place.
 C = Inter-level travel time spent in this place.
 D = Time resting spent in this place.
 E = Time spent auto-exploring this place.
 F = Levels seen in this place.
 G = Mean time per level.
                   A        B        C        D        E       F      G
               +--------+--------+--------+--------+--------+-----+--------+
         Total |   2232 |   2201 |     31 |      0 |   1927 |   3 |  744.0 |
       Dungeon |   2232 |   2201 |     31 |      0 |   1927 |   3 |  744.0 |
               +--------+--------+--------+--------+--------+-----+--------+

Top non-repeatable levels by time:
     D:2: 1254 daAuts
     D:1: 697 daAuts
     D:3: 281 daAuts

Table legend:
 A = Kills in this place as a percentage of kills in the entire game.
 B = Kills by you in this place as a percentage of kills by you in the entire game.
 C = Kills by friends in this place as a percentage of kills by friends in the entire game.
 D = Other kills in this place as a percentage of other kills in the entire game.
 E = Experience gained in this place as a percentage of experience gained in the entire game.
 F = Experience gained in this place divided by the number of levels of this place that you have seen.
                   A       B       C       D       E      F
               +-------+-------+-------+-------+-------+----------------------
         Total | 100.0 | 100.0 |   N/A |   N/A | 100.0 |  26.7
       Dungeon | 100.0 | 100.0 |   N/A |   N/A | 100.0 |  26.7
               +-------+-------+-------+-------+-------+----------------------
